 Dungeon Crawl Stone Soup version 0.30.0-10-gfe55d96785 (webtiles) character file.

Game seed: 9417363917036306573

20872 cheesebisquit the Severer (level 12, -13/165 HPs)
             Began as a Hill Orc Fighter on May 14, 2023.
             Was an Elder of Makhleb.
             Mangled by a death knight
             ... wielding a +3 great mace
              (15 damage)
             ... on level 12 of the Dungeon.
             The game lasted 00:58:08 (12867 turns).

cheesebisquit the Severer (Hill Orc Fighter)       Turns: 12867, Time: 00:58:09

Health: -13/165    AC: 27    Str: 24    XL:     12   Next: 84%
Magic:  16/16      EV:  9    Int:  8    God:    Makhleb [****..]
Gold:   1461       SH:  6    Dex: 10    Spells: 11/11 levels left

rFire   . . .        a - +4 war axe (vamp)
rCold   . . .        c - +1 buckler
rNeg    . . .        z - +1 plate armour
rPois   +            p - +2 helmet {SInv}
rElec   .            s - +2 cloak
rCorr   .            m - +0 pair of gloves
SInv    +            i - +2 pair of boots
Will    .....        (no amulet) Stlth
                     h - ring of poison resistance
HPRegen 0.47/turn    j - ring of flight
MPRegen 0.15/turn

%: no passive effects
@: berserking, flying, very quick
A: no striking features
a: Renounce Religion, Minor Destruction, Lesser Servant of Makhleb, Major
Destruction


You were on level 12 of the Dungeon.
You worshipped Makhleb.
Makhleb was greatly pleased with you.
You visited 2 branches of the dungeon, and saw 14 of its levels.
You also visited: Bailey.

You collected 1826 gold pieces.
You spent 365 gold pieces at shops.

Inventory:

Hand Weapons
 a - a +4 vampiric war axe (weapon)
 x - the +2 sling of Irphayd {heavy, Fly rPois Str-2 Dex-3}
   (You found it on level 4 of the Dungeon)

   Str:       It affects your strength (-2).
   Dex:       It affects your dexterity (-3).
   rPois:     It protects you from poison.
   Fly:       It grants you flight.
 H - a +4 morningstar
 K - a +0 battleaxe
Missiles
 t - 20 poisoned darts (quivered)
 M - 3 curare-tipped darts
Armour
 c - a +1 buckler (worn)
 i - a +2 pair of boots (worn)
 m - a +0 pair of gloves (worn)
 p - a +2 helmet of see invisible (worn)
 s - a +2 cloak (worn)
 z - a +1 plate armour (worn)
Jewellery
 h - a ring of poison resistance (left hand)
 j - a ring of flight (right hand)
 n - a ring of protection from fire
 F - a ring of willpower
Wands
 d - a wand of paralysis (12)
 e - a wand of polymorph (10)
 q - a wand of flame (34)
 C - a wand of iceblast (14)
 I - a wand of quicksilver (5)
Scrolls
 b - a scroll of amnesia
 f - 2 scrolls of magic mapping
 k - 2 scrolls of brand weapon
 w - 4 scrolls of immolation
 y - 2 scrolls of silence
 G - 4 scrolls of teleportation
 J - a scroll of fear
 L - a scroll of identify
 N - a scroll of butterflies {unknown}
Potions
 g - a potion of magic
 l - 2 potions of mutation
 r - 3 potions of attraction
 u - 4 potions of brilliance
 B - a potion of resistance
 D - 2 potions of cancellation
 E - a potion of flight


   Skills:
 + Level 11.1 Fighting
 * Level 16.0 Axes
 + Level 10.3 Armour
 + Level 7.4 Dodging
 - Level 5.1 Stealth
 - Level 7.1 Shields
 + Level 6.5 Invocations


You had 11 spell levels left.
You didn't know any spells.
Your spell library contained the following spells:

 Spells                   Type           Power      Damage    Failure   Level
 Foxfire                  Conj/Fire      0%         2x1d4     99%         1
 Cigotuvi's Dreadful Rot  Necr/Pois/Air  0%         N/A       100%        2
 Ignite Poison            Fire/Tmut/Pois 0%         N/A       100%        3
 Summon Ice Beast         Ice/Summ       0%         N/A       100%        4
 Freezing Cloud           Conj/Ice/Air   0%         6-21      100%        5
 Summon Mana Viper        Hex/Summ       0%         N/A       100%        5
 Simulacrum               Ice/Necr       0%         N/A       100%        6
 Monstrous Menagerie      Summ           0%         N/A       100%        7
 Ozocubu's Refrigeration  Ice            0%         4d7       100%        7
 Polar Vortex             Ice            0%         N/A       100%        9


Dungeon Overview and Level Annotations

Branches:
Dungeon (13/15)            Temple (1/1) D:5            Lair (0/5) D:9
    Orc (0/2) D:10         Bailey (visited)
 Vaults: D:13-14

Altars:
Ashenzari
Cheibriados
Dithmenos
Elyvilon
Fedhas
Gozag
Hepliaklqana
Kikubaaqudgha
Makhleb
Nemelex Xobeh
Okawaru
Qazlal
Ru
Sif Muna
Trog
Uskayaw
Vehumet
Wu Jian
Xom
Yredelemnul
Zin
The Shining One
Beogh

Shops:
D:4 ??   D:7 (!(   D:8 ?

Annotations:
D:9 2 transporters, hawla's ghost, journeyman MeNe


Message History

The death knight closely misses you.
You barely miss the death knight.
The death knight is lightly wounded.
The death knight hits you with a +3 great mace!
* * * LOW HITPOINT WARNING * * *
You feel better.
The death knight hits you but does no damage.
A red film seems to cover your vision as you go berserk!
You feel yourself moving faster!
You feel mighty!
The death knight hits you but does no damage.
You miss the death knight.
The death knight is lightly wounded.
You slash the death knight!
The death knight is moderately wounded.
The death knight reflects your damage back at you!
* * * LOW HITPOINT WARNING * * *
The death knight hits you with a +3 great mace!
* * * LOW HITPOINT WARNING * * *
You barely miss the death knight.
The death knight is moderately wounded.
You slash the death knight!
The death knight is moderately wounded.
The death knight reflects your damage back at you!
* * * LOW HITPOINT WARNING * * *
The death knight's dark mirror aura disappears.
The death knight calls down the wrath of Yredelemnul upon you.
You struggle to resist.
You barely miss the death knight.
The death knight is moderately wounded.
You barely miss the death knight.
The death knight is moderately wounded.
The death knight hits you with a +3 great mace!
* * * LOW HITPOINT WARNING * * *
You are too berserk!
You miss the death knight.
The death knight is moderately wounded.
You miss the death knight.
The death knight is moderately wounded.
The death knight hits you with a +3 great mace!
You die...

#..##
##......#..#
##..# ..#
##.......#
##.. .#
####'####
##. ##....#
#. #.#†..#
#. +...##+
+. #.#...#
#. ##..).#
#. ##@###
##. #.p#..#
##.. #..#
#..# ##...
#..# #..#
#.... #..#
#..# #....
#.# #.#
#.... .'# #+
+.... ##
#.... #....


You could see a death knight.

Vanquished Creatures
  A great orb of eyes (D:12)
  5 two-headed ogres
  2 centaur warriors (D:12)
  A tengu warrior (D:13)
  2 manticores (D:12)
  A gargoyle (D:12)
  3 kobold demonologists
  2 unseen horrors
  A yaktaur (D:12)
  A tengu conjurer (D:13)
  3 trolls
  16 yaks
  A shadow (D:11)
  A wraith (D:12)
  A basilisk (D:12)
  A vampire mosquito (D:10)
  3 steam dragons
  Menkaure (D:4)
  3 wargs
  Edmund (D:4)
  2 acid dragons
  2 water moccasins
  Duvessa (D:6)
  3 ice beasts
  5 black bears
  14 orc warriors
  An ogre (D:6)
  12 centaurs
  2 phantoms
  5 kobold brigands
  Blork the orc (D:6)
  3 bullfrogs
  A gnoll sergeant (D:7)
  3 scorpions
  Dowan (D:5)
  23 wights
  4 killer bees
  4 howler monkeys
  4 hounds
  3 jellies
  2 gnoll boudas
  6 orc priests
  A sleepcap (D:5)
  6 iguanas
  Ijyb (D:3)
  Terence (D:3)
  Natasha (D:3)
  9 orc wizards
  17 gnolls
  6 adders
  A shadow imp (D:8)
  An ufetubus (D:4)
  5 worms
  A dart slug (D:3)
  50 orcs
  10 ball pythons
  10 endoplasms
  3 giant cockroaches
  12 goblins
  4 hobgoblins
  8 jackals
  7 quokkas
  4 bats (D:1)
  4 frilled lizards
  21 kobolds
  A rat (D:1)
  A spectral orc (D:3)
337 creatures vanquished.

Vanquished Creatures (others)
  2 orcs (Bailey)
  A goblin (D:9)
3 creatures vanquished.

Grand Total: 340 creatures vanquished

Notes
Turn   | Place    | Note
-------+----------+-------------------------------------------
     0 | D:1      | cheesebisquit the Hill Orc Fighter began the quest for the
                  | Orb.
     0 | D:1      | Reached XP level 1. HP: 19/19 MP: 1/1
   253 | D:1      | Reached skill level 3 in Axes
   253 | D:1      | Reached XP level 2. HP: 27/27 MP: 2/2
   767 | D:1      | Reached XP level 3. HP: 33/33 MP: 3/3
  1282 | D:2      | Reached XP level 4. HP: 39/40 MP: 4/4
  1297 | D:2      | Reached skill level 4 in Axes
  1297 | D:2      | Reached skill level 1 in Stealth
  1436 | D:2      | Reached skill level 1 in Dodging
  1808 | D:2      | Reached XP level 5. HP: 46/46 MP: 5/5
  2192 | D:3      | Noticed Terence
  2207 | D:3      | Killed Terence
  2355 | D:3      | Found a basalt altar of Yredelemnul.
  2621 | D:3      | Found a snail-covered altar of Cheibriados.
  2699 | D:3      | Noticed Ijyb
  2704 | D:3      | Paralysed by Ijyb for 3 turns
  2711 | D:3      | Paralysed by Ijyb for 2 turns
  2719 | D:3      | Killed Ijyb
  3055 | D:3      | Identified the +1 trident "Geen Boe" {flame, Int+2 SInv}
  3326 | D:3      | Found a faded altar of an unknown god.
  3335 | D:3      | Reached XP level 6. HP: 53/53 MP: 6/6
  3344 | D:3      | Noticed Natasha
  3360 | D:3      | Killed Natasha
  3361 | D:3      | Reached skill level 5 in Axes
  3670 | D:4      | Noticed Menkaure
  3695 | D:4      | Killed Menkaure
  3804 | D:4      | Reached XP level 7. HP: 53/60 MP: 7/7
  3868 | D:4      | Identified the +2 sling of Irphayd {heavy, Fly rPois Str-2
                  | Dex-3}
  4041 | D:4      | Noticed Edmund
  4059 | D:4      | Killed Edmund
  4060 | D:4      | Reached skill level 6 in Axes
  4072 | D:4      | Reached skill level 5 in Fighting
  4561 | D:4      | Reached XP level 8. HP: 55/68 MP: 8/8
  4760 | D:4      | Found Tocudigg's Magic Scroll Shoppe.
  4760 | D:4      | Found Ethrim's Magic Scroll Shoppe.
  4769 | D:4      | Bought a scroll of identify for 24 gold pieces
  4769 | D:4      | Bought 2 scrolls of identify for 48 gold pieces
  4769 | D:4      | Bought a scroll of identify for 24 gold pieces
  4769 | D:4      | Bought a scroll of identify for 24 gold pieces
  4769 | D:4      | Bought a scroll of identify for 24 gold pieces
  4777 | D:4      | Reached skill level 11 in Axes
  4777 | D:4      | Reached skill level 5 in Stealth
  4777 | D:4      | Reached XP level 9. HP: 80/80 MP: 9/9
  4857 | D:5      | Entered Level 5 of the Dungeon
  5217 | D:5      | Found a staircase to the Ecumenical Temple.
  5259 | Temple   | Entered the Ecumenical Temple
  5292 | Temple   | Became a worshipper of Makhleb the Destroyer
  5435 | D:5      | Found a white marble altar of Elyvilon.
  5526 | D:6      | Noticed Duvessa
  5528 | D:6      | Noticed Dowan
  5547 | D:6      | Killed Duvessa
  5556 | D:6      | Reached skill level 5 in Dodging
  5742 | D:5      | Killed Dowan
  5838 | D:6      | Noticed a two-headed ogre
  5845 | D:6      | Reached skill level 12 in Axes
  5860 | D:5      | Killed a two-headed ogre
  5861 | D:5      | Reached XP level 10. HP: 82/90 MP: 10/10
  6177 | D:6      | Reached * piety under Makhleb
  6294 | D:6      | Noticed Blork the orc
  6302 | D:6      | Killed Blork the orc
  6909 | D:7      | Found Duf Cona's Distillery.
  6909 | D:7      | Found Aptaush's Antique Weapon Boutique.
  6913 | D:7      | Bought a potion of cancellation for 104 gold pieces
  6913 | D:7      | Bought a potion of curing for 39 gold pieces
  7204 | D:7      | Found Raonwa's Weapon Shoppe.
  7532 | D:7      | Found a shimmering blue altar of Sif Muna.
  7554 | D:7      | Found an ancient bone altar of Kikubaaqudgha.
  7562 | D:7      | Found a radiant altar of Vehumet.
  7580 | D:7      | Got Vehumet's Folio of Outbursts
  7799 | D:7      | Reached ** piety under Makhleb
  7800 | D:7      | Reached skill level 13 in Axes
  7921 | D:8      | Reached XP level 11. HP: 84/97 MP: 11/11
  8101 | D:8      | Found Arepon's Magic Scroll Shoppe.
  8115 | D:8      | Bought a scroll of identify for 26 gold pieces
  8116 | D:8      | Bought a scroll of poison for 52 gold pieces
  8322 | D:9      | Noticed a two-headed ogre
  8640 | D:9      | Reached skill level 1 in Invocations
  8748 | D:9      | Found a transporter.
  8753 | D:9      | Found a transporter.
  8778 | D:9      | Identified a scroll of acquirement
  8779 | D:9      | Acquired 934 gold pieces
  8786 | D:9      | Found a flagged portal.
  8825 | D:9      | Found a staircase to the Lair.
  8827 | D:9      | Noticed a two-headed ogre
  8855 | D:9      | Killed a two-headed ogre
  9016 | Bailey   | Entered a bailey
  9161 | Bailey   | Reached *** piety under Makhleb
  9844 | Bailey   | Reached skill level 14 in Axes
 10222 | D:9      | Killed a two-headed ogre
 10378 | D:9      | Noticed hawla's ghost (journeyman MeNe)
 10585 | D:10     | Entered Level 10 of the Dungeon
 10591 | D:10     | Found a sparkling altar of Nemelex Xobeh.
 10607 | D:10     | Found a staircase to the Orcish Mines.
 10624 | D:10     | Found a roughly hewn altar of Beogh.
 10630 | D:10     | Reached skill level 10 in Fighting
 11124 | D:10     | Reached **** piety under Makhleb
 11251 | D:10     | Found a large runed translucent door.
 11252 | D:10     | Found a large runed translucent door.
 11403 | D:10     | Found an opulent altar of Gozag.
 11424 | D:10     | Found a shimmering altar of Xom.
 11606 | D:11     | You are sucked into a shaft and drop 2 floors!
 11644 | D:13     | Noticed a tengu warrior
 11658 | D:13     | Killed a tengu warrior
 11659 | D:13     | Reached XP level 12. HP: 106/106 MP: 15/15
 11823 | D:11     | Reached skill level 15 in Axes
 11985 | D:11     | Noticed a two-headed ogre
 11997 | D:11     | Killed a two-headed ogre
 11998 | D:11     | Reached skill level 5 in Invocations
 12788 | D:12     | Noticed a two-headed ogre
 12788 | D:12     | Noticed a centaur warrior
 12796 | D:12     | Reached skill level 10 in Armour
 12803 | D:12     | Killed a centaur warrior
 12805 | D:12     | Killed a two-headed ogre
 12814 | D:12     | Identified the +4 spear "Pojeul" {freeze, Contam rN+ Str+4}
 12814 | D:12     | Noticed a centaur warrior
 12818 | D:12     | Noticed a great orb of eyes
 12823 | D:12     | Killed a centaur warrior
 12823 | D:12     | Noticed a death knight
 12829 | D:12     | Killed a great orb of eyes
 12834 | D:12     | Reached skill level 16 in Axes
 12865 | D:12     | HP: 1/165 [death knight/+3 great mace (8)]
 12867 | D:12     | Mangled by a death knight

Illustrated notes

Levels and vault maps discovered:
D:1:      co_arrival_random_square_maze, layout_basic
D:2:      layout_rooms
D:3:      layout_basic, kennysheep_slug_shrine,
          yredelemnul_forgotten_temple_becter,
          nicolae_ecumenical_snake_handling, uniq_terence, uniq_ijyb,
          uniq_natasha
D:4:      layout_basic, nicolae_wooded_promenade, uniq_edmund, uniq_menkaure
D:5:      layout_cave_pools, elyvilon_altar_3,
          minmay_temple_entry_statues_fountains
D:6:      cheibrodos_barr_body, layout_cave_pools, serial_co_window_serial,
          co_window_corner_a, co_window_of_opportunity_a, co_window_corner_a,
          co_window_paths_a, co_window_of_opportunity_a, co_window_corner_a,
          co_window_of_opportunity_a, co_window_corner_b,
          co_window_unsneaky_path_a, co_window_unsneaky_path_d,
          co_window_corner_cb, co_window_of_opportunity_c, co_window_4corner_b,
          glass_columns_c, uniq_duvessa, uniq_blork_the_orc
D:7:      layout_rooms, palyth_temple_overflow_mages, serial_shops,
          kennysheep_mini, nicolae_shop_statue_plus, shop, st_stairs_1,
          minmay_misc_feat_iff
D:8:      layout_rooms, serial_shops, nicolae_shop_waterfront
D:9:      layout_loops_ring, erik_lair_orcish_takeover, gammafunk_ghost_hive,
          enter_bailey_5
D:10:     layout_long_grid, kennysheep_mini_moat, jmf_multi_god_temple2,
          minmay_orc_entry_temple_small
D:11:     layout_gridville
D:12:     minmay_the_grid_octo_tiled_octocenter [minmay_the_grid_octo_pinwheel,
          minmay_the_grid_octo_shrine, minmay_the_grid_octo_toaster,
          minmay_the_grid_octo_chip, minmay_the_grid_octo_prize_star,
          minmay_the_grid_square_5x5_tri_point,
          minmay_the_grid_square_5x5_spiral,
          minmay_the_grid_square_5x5_beaten_path,
          minmay_the_grid_square_5x5_detours], layout_small_grid,
          nicolae_ru_sacrificial_ziggurat
D:13:     layout_loops_ring
Temple:   nicolae_temple_ecumenical_triangle

Skill      XL: |  1  2  3  4  5  6  7  8  9 10 11 12 |
---------------+-------------------------------------+-----
Axes           | 3 4 5 6 11 12 13 14 16 | 16.0
Fighting       | 4 5 7 8 9 10 11 | 11.1
Stealth        | 1 2 5 |  5.1
Dodging        | 1 2 4 5 6 7 |  7.4
Armour         | 4 7 8 9 10 | 10.3
Shields        | 4 7 |  7.1
Invocations    | 4 6 |  6.5

Action                     |  1- 3 |  4- 6 |  7- 9 | 10-12 || total
---------------------------+-------+-------+-------+-------++-------
  Melee: War axe           |    93 |   192 |   212 |   790 ||  1287
         Unarmed           |       |       |    19 |       ||    19
  Throw: Throwing net      |       |     1 |       |       ||     1
         Dart              |       |       |     5 |   122 ||   127
         Boomerang         |       |       |       |    42 ||    42
    Use: Potion            |       |     4 |     5 |    13 ||    22
         Scroll            |       |       |    13 |    22 ||    35
 Armour: Scale mail        |    60 |    74 |       |       ||   134
         Chain mail        |       |    21 |   135 |       ||   156
         Skin              |       |       |    18 |     1 ||    19
         Plate armour      |       |       |       |   608 ||   608
  Dodge: Dodged            |    53 |   105 |   106 |   330 ||   594
  Block: Buckler           |    26 |    37 |    55 |   249 ||   367
